Map: Orbital Shipyard

Players

TesteR

  • Race: Protoss Protoss
  • League: Master

xKawaiian - Winner!

  • Race: Terran Terran
  • League: Master

VOD

Have the link to the VOD?

Description

Time

  • Played on: Jan. 15, 2016, 5:48 p.m.
  • Length: 12:42
Show
View Real Time Build Order
Export as new Build Order

TesteR Protoss 

Build Orders: 1 Gate Expand, Blink Stalkers 

Get SALT Encoding   

  12  0:01  Probe (Chrono Boost)  
  13  0:11  Probe (Chrono Boost)  
  14  0:21  Pylon  
  14  0:22  Probe (Chrono Boost)  
  15  0:39  Probe (Chrono Boost)  
  15  0:40  Gateway  
  15  0:42  Assimilator  
  16  0:51  Probe (Chrono Boost)  
  17  1:01  Probe (Chrono Boost)  
  18  1:12  Probe (Chrono Boost)  
  19  1:25  Nexus  
  19  1:35  Cybernetics Core  
  19  1:36  Probe (Chrono Boost)  
  20  1:47  Probe (Chrono Boost)  
  20  1:50  Pylon  
  21  1:55  Assimilator  
  21  1:58  Probe (Chrono Boost)  
  21  2:09  Probe (Chrono Boost)  
  21  2:14  Adept  
  24  2:20  Mothership Core (Chrono Boost)  
  26  2:27  Pylon, Warp Gate  
  26  2:38  Probe (Chrono Boost)  
  26  2:42  Probe (Chrono Boost)  
  28  2:48  Probe (Chrono Boost)  
  28  2:50  Twilight Council  
  29  2:53  Probe (Chrono Boost)  
  30  2:59  Probe (Chrono Boost)  
  30  3:03  Probe (Chrono Boost)  
  32  3:10  Probe (Chrono Boost), Robotics Facility  
  33  3:14  Probe (Chrono Boost)  
  34  3:20  Stalker, Probe (Chrono Boost)  
  34  3:25  Probe (Chrono Boost)  
  38  3:31  Probe (Chrono Boost)  
  39  3:35  Probe (Chrono Boost)  
  40  3:41  Blink  
  40  3:42  Probe (Chrono Boost)  
  40  3:45  Pylon  
  40  3:46  Probe (Chrono Boost)  
  42  3:52  Probe (Chrono Boost)  
  43  3:56  Probe (Chrono Boost)  
  43  3:57  Observer  
  43  4:02  Pylon  
  46  4:03  Probe (Chrono Boost)  
  46  4:05  Pylon  
  46  4:08  Probe (Chrono Boost)  
  47  4:13  Gateway  
  47  4:15  Gateway  
  47  4:18  Pylon  
  47  4:21  Observer  
  48  4:29  Probe (Chrono Boost)  
  49  4:36  Stalker  
  51  4:39  Assimilator  
  51  4:44  Assimilator  
  51  4:45  Probe (Chrono Boost), Pylon  
  53  4:46  Observer, Pylon  
  53  4:51  Probe (Chrono Boost)  
  54  4:58  Pylon  
  54  5:01  Probe (Chrono Boost)  
  54  5:02  Nexus  
  54  5:06  Pylon  
  55  5:12  Pylon  
  55  5:13  Immortal  
  59  5:17  Probe (Chrono Boost)  
  60  5:22  Probe (Chrono Boost)  
  60  5:23  Stalker x2  
  65  5:29  Stalker  
  65  5:31  Probe (Chrono Boost)  
  67  5:42  Probe (Chrono Boost)  
  61  5:55  Gateway  
  61  5:56  Gateway  
  61  5:58  Gateway  
  61  6:00  Gateway  
  61  6:02  Gateway, Probe (Chrono Boost)  
  61  6:03  Probe (Chrono Boost)  
  63  6:13  Probe (Chrono Boost)  
  63  6:14  Stalker x2  
  63  6:17  Probe (Chrono Boost)  
  69  6:19  Probe (Chrono Boost)  
  69  6:21  Sentry  
  72  6:28  Forge  
  72  6:29  Forge  
  72  6:31  Probe (Chrono Boost)  
  72  6:32  Probe (Chrono Boost)  
  74  6:33  Probe (Chrono Boost)  
  74  6:38  Sentry  
  74  6:39  Sentry  
  79  6:41  Probe (Chrono Boost)  
  79  6:42  Probe (Chrono Boost)  
  79  6:46  Observer  
  83  6:47  Probe (Chrono Boost)  
  83  6:52  Probe (Chrono Boost)  
  83  6:53  Probe (Chrono Boost)  
  85  6:57  Pylon  
  85  6:59  Templar Archives  
  85  7:00  Resonating Glaives (Chrono Boost)  
  85  7:02  Pylon  
  85  7:04  Pylon  
  85  7:09  Probe x2 (Chrono Boost)  
  85  7:10  Probe (Chrono Boost), Protoss Ground Armor Level 1 (Chrono Boost)  
  85  7:13  Protoss Ground Weapons Level 1 (Chrono Boost)  
  88  7:18  Probe  
  88  7:19  Stalker  
  88  7:20  Probe  
  88  7:21  Probe  
  90  7:37  Stalker x4, Pylon  
  92  7:39  Pylon  
  92  7:43  Immortal  
  102  7:47  Pylon  
  101  7:58  Adept x4  
  103  8:05  Assimilator  
  109  8:07  Probe  
  109  8:08  Assimilator  
  109  8:09  Probe  
  109  8:11  Probe  
  111  8:17  High Templar x2  
  115  8:22  Immortal, Archon  
  115  8:23  Adept x3  
  115  8:26  Probe  
  125  8:28  Probe  
  125  8:32  Probe  
  128  8:38  Psionic Storm  
  128  8:43  Adept x2  
  128  8:44  Adept  
  128  8:45  Adept  
  136  8:48  Phoenix  
  136  8:53  Gateway x2  
  136  8:55  Gateway  
  136  8:57  Protoss Ground Armor Level 2  
  136  9:00  Gateway  
  136  9:01  Stalker x2  
  136  9:02  Stalker  
  142  9:07  Protoss Ground Weapons Level 2  
  142  9:19  Pylon  
  142  9:21  Warp Prism  
  144  9:26  Robotics Facility  
  144  9:31  Adept x4  
  152  9:50  Stalker x2, Nexus  
  152  9:51  Stalker  
  150  10:09  High Templar x3  
  150  10:13  High Templar  
  158  10:20  Probe  
  159  10:23  Pylon  
  159  10:24  Pylon  
  159  10:28  Pylon  
  159  10:30  Charge (Chrono Boost)  
  159  10:34  Observer  
  160  10:36  Zealot x5  
  160  10:37  Zealot x3  
  176  10:45  Immortal  
  178  10:56  Probe  
  179  10:57  Assimilator  
  179  11:01  Immortal, Assimilator  
  183  11:04  High Templar  
  183  11:07  Zealot x5  
  159  11:18  Zealot  
  159  11:19  Zealot x4  
  143  11:30  Zealot x3  
  110  11:55  Stalker  
  110  11:56  Stalker  
  104  12:07  Stalker  
  76  12:31  Stalker  
  76  12:32  Stalker x2  
Show
View Real Time Build Order
Export as new Build Order

xKawaiian Terran - Winner!

Build Orders: Liberator Opening, MMM Bio 

Get SALT Encoding   

  12  0:00  SCV  
  13  0:12  SCV  
  14  0:17  Supply Depot  
  14  0:25  SCV  
  15  0:39  SCV  
  16  0:42  Barracks  
  16  0:51  SCV  
  17  1:03  SCV  
  18  1:15  SCV  
  19  1:22  Command Center  
  19  1:30  Marine  
  21  1:34  Orbital Command  
  20  1:48  Refinery  
  20  1:50  Supply Depot, Refinery  
  20  1:55  Marine  
  21  2:01  SCV  
  22  2:13  SCV, Marine  
  24  2:25  SCV  
  25  2:31  Command Center  
  25  2:41  Factory  
  25  2:44  SCV  
  26  2:51  Orbital Command  
  26  2:57  Marine  
  26  2:58  SCV  
  27  3:10  SCV  
  28  3:14  Marine  
  28  3:16  SCV  
  30  3:24  SCV  
  31  3:27  Starport  
  31  3:29  Factory Tech Lab  
  31  3:31  SCV  
  32  3:34  Marine  
  32  3:36  SCV  
  34  3:43  SCV  
  34  3:46  Supply Depot, Orbital Command  
  34  3:48  SCV, Liberator  
  36  3:52  Cyclone  
  36  3:54  Marine  
  36  3:55  SCV  
  41  4:00  SCV  
  42  4:07  SCV  
  46  4:10  Barracks  
  46  4:13  SCV  
  46  4:14  SCV  
  48  4:21  Marine  
  48  4:22  SCV  
  50  4:24  Cyclone  
  50  4:27  SCV  
  54  4:36  Barracks  
  54  4:37  SCV x2  
  56  4:39  Marine  
  56  4:40  SCV  
  56  4:44  Liberator  
  58  4:49  SCV, Refinery  
  58  4:52  Barracks x2  
  59  4:57  Marine  
  59  4:59  Marine  
  64  5:08  Supply Depot  
  64  5:10  Supply Depot x2  
  64  5:12  SCV  
  64  5:13  SCV x2  
  67  5:15  Marine  
  67  5:17  Marine  
  67  5:20  Refinery  
  69  5:24  Barracks Tech Lab  
  69  5:29  SCV x3, Cyclone  
  69  5:32  Marine  
  69  5:34  Marine  
  77  5:41  SCV x3  
  80  5:46  Supply Depot, Barracks Tech Lab, Barracks Reactor  
  80  5:48  Starport Reactor  
  77  5:53  Orbital Command  
  77  5:54  SCV  
  77  5:56  Engineering Bay  
  77  5:57  Stimpack, Engineering Bay  
  80  6:01  SCV  
  80  6:06  Barracks Tech Lab  
  80  6:08  SCV  
  80  6:11  Barracks Reactor  
  80  6:12  Supply Depot  
  80  6:13  Supply Depot, SCV, Combat Shields  
  81  6:19  SCV  
  81  6:20  SCV  
  81  6:24  Marauder, Marine x2  
  81  6:25  SCV, Marauder  
  90  6:26  Barracks  
  90  6:27  Barracks  
  90  6:29  Medivac x2  
  90  6:30  Marauder  
  96  6:34  SCV x2  
  96  6:37  SCV  
  99  6:41  Terran Infantry Weapons Level 1  
  99  6:42  Marine  
  99  6:43  Marine  
  99  6:45  Marine  
  102  6:48  Terran Infantry Armor Level 1  
  102  6:50  SCV x3  
  105  6:59  Refinery  
  105  7:01  Marine x2, Medivac  
  105  7:02  Supply Depot x2, SCV  
  105  7:03  SCV  
  105  7:04  Supply Depot, Refinery  
  111  7:10  Marine x2  
  111  7:11  SCV  
  111  7:13  Starport  
  111  7:14  Barracks Reactor, Barracks Tech Lab, SCV  
  115  7:17  SCV  
  115  7:19  Marine  
  117  7:23  SCV, Marauder, Marine x2  
  117  7:25  Supply Depot  
  117  7:29  Armory  
  119  7:33  SCV  
  120  7:40  Command Center  
  120  7:42  Fusion Core  
  120  7:44  Marine x2  
  120  7:46  Marine  
  120  7:47  Marine  
  120  7:49  SCV x2  
  120  7:51  SCV, Marine x2  
  128  7:52  Concussive Shells, Marine x2  
  128  7:53  Starport Tech Lab, Marauder x2  
  135  8:01  SCV  
  135  8:02  Marine  
  135  8:04  Marine  
  135  8:05  SCV, Marine  
  139  8:06  SCV  
  139  8:11  Marauder x2  
  145  8:15  SCV  
  145  8:17  Marine  
  145  8:18  Marauder  
  149  8:22  Terran Ship Weapons Level 1  
  149  8:23  Factory Tech Lab  
  149  8:25  Supply Depot  
  149  8:26  Supply Depot, Missile Turret  
  149  8:27  Supply Depot, Missile Turret  
  149  8:34  Factory Reactor  
  149  8:35  Advanced Ballistics  
  149  8:46  Supply Depot x2, Marine x3  
  149  8:47  SCV, Marauder x3, Marine  
  160  8:49  Marine  
  160  8:50  Supply Depot  
  160  8:54  Terran Infantry Weapons Level 2, Terran Infantry Armor Level 2  
  161  8:58  Liberator  
  161  8:59  SCV x3, Liberator  
  164  9:08  Marine  
  164  9:10  Supply Depot, Missile Turret  
  164  9:11  SCV, Supply Depot  
  164  9:12  Supply Depot  
  170  9:17  Widow Mine  
  170  9:21  Marine, Liberator  
  170  9:22  Marauder, Marine x2  
  177  9:31  Planetary Fortress  
  177  9:36  SCV  
  177  9:37  Marine x2  
  177  9:38  Marauder  
  182  9:39  Marine  
  182  9:41  Liberator  
  185  9:48  Marine, Widow Mine x2  
  185  9:49  Marauder  
  185  9:51  Marauder x2, Liberator, Marine x2  
  197  9:55  Marine  
  197  9:59  Marauder  
  195  10:03  Marine  
  195  10:04  SCV  
  195  10:06  Marine x2  
  189  10:10  Marauder  
  189  10:12  Marauder  
  196  10:17  Marauder, Marine x2  
  200  10:26  Supply Depot  
  200  10:30  Marine  
  200  10:35  Command Center  
  197  10:36  Marine  
  197  10:37  Marauder x2  
  200  11:04  Barracks  
  200  11:05  Barracks x2  
  200  11:11  Liberator x3  
  197  11:17  Marine  
  197  11:18  Marauder  
  192  11:21  Marauder, Marine x5  
  192  11:22  Marauder x2  
  189  11:29  Widow Mine x2  
  197  11:35  Marine  
  197  11:39  Marauder, Marine x5  
  191  11:43  Marauder x3  
  188  11:48  Refinery  
  188  11:50  Planetary Fortress, Refinery  
  188  11:52  Missile Turret  
  188  11:53  Marine  
  168  11:56  Marine  
  168  11:57  Widow Mine x2, Refinery, Marine x2  
  168  12:00  Marine x2  
  168  12:01  Marauder  
  179  12:03  Refinery  
  179  12:04  Marauder x3  
  181  12:11  Marine  
  181  12:14  SCV x2, Marine x2  
  181  12:15  Marine  
  196  12:18  Marine x2  
  198  12:22  Barracks Reactor, Barracks Tech Lab  
  191  12:36  Command Center  
Tags
 
Add a new tag
Caveats
  • Supply blocks, unpowered buildings, or Contaminate may cause inaccurate times.
  • Supply counts are checked every 10 seconds.